 Dungeon Crawl Stone Soup version 0.31-a0-1626-g5cb510d322 (webtiles) character file.

Game seed: 4866246073007509588

557470 Ofeo the Warrior (level 24, -3/246 HPs)
             Began as a Green Draconian Brigand on Jan 7, 2024.
             Was a Believer of Uskayaw.
             Slain by a rockslime (32 damage)
             ... on level 5 of the Pits of Slime on Jan 13, 2024.
             The game lasted 03:03:32 (74777 turns).

Ofeo the Warrior (Green Draconian Brigand)         Turns: 74777, Time: 03:03:32

Health: -3/246     AC: 12    Str: 11    XL:     24   Next: 94%
Magic:  23/35      EV: 32    Int: 12    God:    Uskayaw [**....]
Gold:   5306       SH: 23    Dex: 32    Spells: 23/23 levels left

rFire   + . .        a - +8 quick blade (spect)
rCold   + . .        p - +5 kite shield {rC+}
rNeg    . . .        (body armour unavailable)
rPois   +            (helmet restricted)
rElec   +            F - +2 cloak {rCorr}
rCorr   +            G - +2 pair of gloves {Dex+3}
SInv    .            J - +1 pair of boots
Will    ++...        Y - amulet "Ezxidgh" {Acrobat rF+}
Stlth   +++++++++    k - ring of willpower
HPRegen 0.61/turn    Z - ring of Gyehoatz {rElec AC+4 Str-3 Int-3 Dex+4}
MPRegen 0.24/turn

%: acrobat, clarity
@: mighty, maw-form, marked, corroded, hasted, very quick
A: devouring maw, breathe noxious fumes, AC +12, unfitting armour, stinger 1,
poison resistance, cold-blooded, hooves 1, thin skeletal structure 1, clarity,
robust 1, weak 1, no potion heal 1
}: 3/15 runes: barnacled, silver, gossamer
a: Breathe Noxious Fumes, Begin Untransformation, Renounce Religion, Stomp, Line
Pass


You were on level 5 of the Pits of Slime.
You worshipped Uskayaw.
Uskayaw was most pleased with you.
You were a creature with a mouth for a stomach.
You visited 10 branches of the dungeon, and saw 48 of its levels.
You also visited: Ossuary, Gauntlet, Ice Cave and Wizlab.

You collected 7125 gold pieces.
You spent 1819 gold pieces at shops.

Inventory:

Hand Weapons
 a - a +8 spectral quick blade (weapon)
 b - the +7 captain's cutlass {speed, disarm}
   (You took it off a vampire knight on level 2 of the Depths)
 c - a +4 eudemon blade of holy wrath
Missiles
 z - 9 throwing nets
 P - 4 curare-tipped darts (quivered)
 Q - 5 silver javelins
 W - 23 javelins
Armour
 l - a scarf of invisibility
 p - a +5 kite shield of cold resistance (worn)
 F - a +2 cloak of preservation (worn)
 G - a +2 pair of gloves of dexterity (worn)
 J - a +1 pair of boots (worn)
Jewellery
 i - a +6 ring of dexterity
 k - a ring of willpower (left hand)
 v - the amulet of Eceuruce {Acrobat rPois rF- rC++ rCorr}
   (You took it off a deep elf master archer on level 3 of the Elven Halls)

   [amulet of the acrobat]

   Acrobat:   It increases your evasion while moving and waiting.
   rF-:       It makes you vulnerable to fire.
   rC++:      It greatly protects you from cold.
   rPois:     It protects you from poison rCorr: It protects you from acid and
   corrosion.
 M - the amulet of Eweuma Kuor {RegenMP rPois rN+ Str+3}
   (You took it off a Hellbinder in a wizard's laboratory)

   [amulet of magic regeneration]

   RegenMP:   It increases your rate of magic regeneration.
   Str+3:     It affects your strength (+3).
   rPois:     It protects you from poison rN+: It protects you from negative
   energy.
 N - the ring of Vovil {rF+ Str+3 Int+4 SInv}
   (You found it on level 1 of the Shoals)

   [ring of protection from fire]

   Str+3:     It affects your strength (+3).
   Int+4:     It affects your intelligence (+4).
   rF+:       It protects you from fire.
   SInv:      It lets you see invisible.
 V - a +4 ring of protection
 Y - the amulet "Ezxidgh" (around neck) {Acrobat rF+}
   (You found it in a Gauntlet)

   [amulet of the acrobat]

   Acrobat:   It increases your evasion while moving and waiting.
   rF+:       It protects you from fire.
 Z - the ring of Gyehoatz (right hand) {rElec AC+4 Str-3 Int-3 Dex+4}
   (You found it in a wizard's laboratory)

   [ring of protection]

   AC+4:      It affects your AC (+4).
   Str-3:     It affects your strength (-3).
   Int-3:     It affects your intelligence (-3).
   Dex+4:     It affects your dexterity (+4).
   rElec:     It insulates you from electricity.
Wands
 d - a wand of digging (19) {@v1}
 x - a wand of light (3)
 y - a wand of charming (37)
 U - a wand of iceblast (65) {@v4}
 X - a wand of polymorph (22)
Scrolls
 f - 17 scrolls of teleportation {@r3}
 g - 4 scrolls of butterflies
 j - 8 scrolls of poison
 u - 3 scrolls of enchant armour
 B - 7 scrolls of amnesia
 E - 6 scrolls of revelation
 H - 5 scrolls of fear
 K - 3 scrolls of fog
 O - 6 scrolls of blinking {@r4}
Potions
 e - 4 potions of enlightenment
 h - 7 potions of heal wounds {@q2}
 m - 2 potions of might {@q4}
 n - 9 potions of brilliance
 o - 17 potions of mutation
 q - 19 potions of curing {@q1}
 r - 2 potions of resistance {@q6}
 s - 2 potions of haste {@q3}
 t - 3 potions of cancellation
 A - 11 potions of ambrosia
 I - 4 potions of invisibility
 R - 4 potions of berserk rage
 T - 5 potions of magic
Miscellaneous
 w - a phantom mirror
 C - a lightning rod (4/4)
 D - a sack of spiders (inert)
 L - a condenser vane
 S - a phial of floods


   Skills:
 - Level 20.2 Fighting
 + Level 17.4 Short Blades
 - Level 2.0 Throwing
 + Level 17.4 Dodging
 + Level 17.5 Stealth
 - Level 18.0 Shields
 - Level 16.2 Invocations
 - Level 8.8 Evocations
 * Level 17.8 Shapeshifting


You had 23 spell levels left.
You didn't know any spells.
Your spell library contained the following spells:

 Spells                   Type           Power      Damage    Failure   Level
 Apportation              Tloc           0%         N/A       50%         1
 Magic Dart               Conj           0%         1d3       50%         1
 Necrotise                Necr           0%         1d4       50%         1
 Summon Small Mammal      Summ           0%         N/A       50%         1
 Blink                    Tloc           0%         N/A       63%         2
 Call Imp                 Summ           0%         N/A       63%         2
 Cigotuvi's Dreadful Rot  Necr/Alch/Air  0%         N/A       63%         2
 Ensorcelled Hibernation  Hex/Ice        0%         N/A       63%         2
 Jinxbite                 Hex            0%         N/A       63%         2
 Lesser Beckoning         Tloc           0%         N/A       63%         2
 Mercury Vapours          Alch/Air       0%         N/A       63%         2
 Momentum Strike          Conj/Tloc      0%         3d8       63%         2
 Searing Ray              Conj           0%         2d4       63%         2
 Static Discharge         Conj/Air       0%         3-3/arc   63%         2
 Call Canine Familiar     Summ           0%         N/A       86%         3
 Dazzling Flash           Conj/Hex       0%         N/A       86%         3
 Fugue of the Fallen      Necr           0%         N/A       86%         3
 Gell's Gravitas          Tloc           0%         N/A       86%         3
 Hailstorm                Conj/Ice       0%         3d5       86%         3
 Inner Flame              Hex/Fire       0%         N/A       86%         3
 Mephitic Cloud           Conj/Alch/Air  0%         N/A       86%         3
 Ozocubu's Armour         Ice            0%         N/A       86%         3
 Sigil of Binding         Hex            0%         N/A       86%         3
 Summon Ice Beast         Ice/Summ       0%         N/A       86%         3
 Teleport Other           Tloc           0%         N/A       86%         3
 Vampiric Draining        Necr           0%         2d6       86%         3
 Volatile Blastmotes      Fire/Tloc      0%         2d10      86%         3
 Anguish                  Hex/Necr       0%         N/A       99%         4
 Animate Dead             Necr           0%         N/A       99%         4
 Brom's Barrelling Bould  Conj/Erth      0%         2d3       99%         4
 Cause Fear               Hex            0%         N/A       99%         4
 Dimensional Bullseye     Hex/Tloc       0%         N/A       99%         4
 Dispel Undead            Necr           0%         3d6       99%         4
 Fulminant Prism          Conj/Alch      0%         3d5       99%         4
 Leda's Liquefaction      Alch/Erth      0%         N/A       99%         4
 Manifold Assault         Tloc           0%         N/A       99%         4
 Martyr's Knell           Necr/Summ      0%         N/A       99%         4
 Passage of Golubria      Tloc           0%         N/A       99%         4
 Vhi's Electric Charge    Tloc/Air       0%         N/A       99%         4
 Alistair's Intoxication  Alch           0%         N/A       100%        5
 Arcjolt                  Conj/Air       0%         1d10      100%        5
 Curse of Agony           Necr           0%         N/A       100%        5
 Freezing Cloud           Conj/Ice/Air   0%         6-21      100%        5
 Irradiate                Conj/Alch      0%         3d11      100%        5
 Silence                  Hex/Air        0%         N/A       100%        5
 Summon Forest            Summ/Tloc      0%         N/A       100%        5
 Summon Mana Viper        Hex/Summ       0%         N/A       100%        5
 Yara's Violent Unravell  Hex/Alch       0%         3d3       100%        5
 Conjure Ball Lightning   Conj/Air       0%         3x3d6     100%        6
 Death Channel            Necr           0%         N/A       100%        6
 Dispersal                Tloc           0%         N/A       100%        6
 Plasma Beam              Fire/Air       0%         2x1d10    100%        6
 Sculpt Simulacrum        Ice/Alch       0%         N/A       100%        6
 Starburst                Conj/Fire      0%         6d3       100%        6
 Summon Cactus Giant      Summ           0%         N/A       100%        6
 Enfeeble                 Hex            0%         N/A       100%        7
 Haunt                    Necr/Summ      0%         N/A       100%        7
 Malign Gateway           Summ/Tloc      0%         N/A       100%        7
 Monstrous Menagerie      Summ           0%         N/A       100%        7
 Ozocubu's Refrigeration  Ice            0%         4d7       100%        7
 Borgnjor's Revivificati  Necr           0%         N/A       100%        8
 Disjunction              Tloc           0%         N/A       100%        8
 Ignition                 Fire           0%         3d3       100%        8
 Infestation              Necr           0%         N/A       100%        8
 Lehudib's Crystal Spear  Conj/Erth      0%         10d2      100%        8
 Maxwell's Capacitive Co  Air            0%         ∞         100%        8
 Summon Horrible Things   Summ           0%         N/A       100%        8
 Chain Lightning          Conj/Air       0%         N/A       100%        9
 Dragon's Call            Summ           0%         N/A       100%        9
 Fire Storm               Conj/Fire      0%         5d1       100%        9
 Polar Vortex             Ice            0%         N/A       100%        9
 Shatter                  Erth           0%         3d5*      100%        9


Dungeon Overview and Level Annotations

Branches:
Dungeon (15/15)            Temple (1/1) D:5            Lair (5/5) D:9
 Shoals (4/4) Lair:3       Spider (4/4) Lair:3        Slime (5/5) Lair:5
    Orc (2/2) D:11            Elf (3/3) Orc:2        Vaults (5/5) D:13
  Crypt (0/3) Vaults:3     Depths (4/4) D:15            Zot (0/5) Depths:4
Ossuary (visited)           IceCv (visited)          WizLab (visited)
Gauntlet (visited)

Altars:
Ashenzari
Cheibriados
Dithmenos
Elyvilon
Fedhas
Gozag
Hepliaklqana
Kikubaaqudgha
Makhleb
Nemelex Xobeh
Okawaru
Qazlal
Ru
Sif Muna
Trog
Uskayaw
Vehumet
Wu Jian
Xom
Yredelemnul
Zin
The Shining One
Jiyva
Lugonu

Shops:
D:1 !   D:2 !   D:10 *   D:14 [   D:15 :   Orc:2 (?(=   Elf:2 =   Elf:3 (
Shoals:4 (   Depths:1 =:=(

Portals:
Hell: Depths:1 Depths:2 Depths:3 Depths:4
Abyss: Lair:5 Depths:2 Depths:3
Pandemonium: Depths:2
Ziggurat: Depths:3

Annotations:
D:7 exclusion: two-headed ogre
D:10 exclusions: lava snake, orange crystal statue, yak and 3 more exclusions, Erolcha
Shoals:1 exclusion: obsidian statue
Shoals:4 Mara
Spider:2 2 transporters
Elf:3 1 runed translucent door, Zoguozuq's ghost, journeyman GnWn
Vaults:4 exclusion: sphinx, Mennas


Innate Abilities, Weirdness & Mutations

You are a creature with a mouth for a stomach.
Your midsection houses a second, enormous mouth.
You can breathe blasts of noxious fumes.
Your lurid green scales are hard. (AC +12)
You cannot fit into any form of body armour.
Your tail ends in a venomous barb.
Your system is resistant to poisons. (rPois)
You are cold-blooded and may be slowed by cold attacks.
You have large cloven feet.
You have a somewhat thin skeletal structure. (Dex +2, Stealth+)
You possess an exceptional clarity of mind.
You are robust. (+10% HP)
You are weak. (Str -2)
Potions are less effective at restoring your health.


Message History

Your butterfly dies!
Your butterfly disappears in a burst of colours!
You block the acid blob's attack. The rockslime hits you!!!
You hold your ground!
The acid blob spits acid at you. The splash of acid hits you! You resist.
The rockslime misses you. The rockslime hits you!
You hold your ground!
The acid blob hits you!!
* * * LOW HITPOINT WARNING * * *
You are splashed with acid.
You resist.
* * * LOW HITPOINT WARNING * * *
You take 105 damage, and have 35/246 hp.
MASSIVE DAMAGE!!
Okay, then.
You cannot read scrolls while unable to breathe!
Okay, then.
You puncture the quicksilver ooze! Your bite misses the quicksilver ooze.
You hit the quicksilver ooze but do no damage.
You bite the quicksilver ooze!!
The quicksilver ooze is severely wounded.
* * * LOW HITPOINT WARNING * * *
Your lungs strain for air!
You block the quicksilver ooze's attack.
The quicksilver ooze hits you.
* * * LOW HITPOINT WARNING * * *
You feel your power leaking away.
The quicksilver ooze closely misses your butterfly.
The quicksilver ooze hits your butterfly!
Your butterfly dies!
Your butterfly disappears in a burst of colours!
You take 6 damage, and have 29/246 hp.
You now have 23/35 mp.
You puncture the quicksilver ooze! You tail-slap the quicksilver ooze.
You bite the quicksilver ooze.
You kill the quicksilver ooze!
That felt strangely unrewarding.
The ooze engulfing you falls away.
You gasp with relief as air once again reaches your lungs.
You block the acid blob's attack. The rockslime barely misses you.
The azure jelly completely misses you. You block the azure jelly's attack. x2
The azure jelly hits you but does no damage.
The acid blob completely misses you. The rockslime hits you!!
You die... *,,,*,,,,,,,,,,,*,,,* ****##.........##**** *...........# *#.........#* *.........# **..J...b#*## ##JJJ..##..## ##JJJJJ#.#...# ##.JJWJJbbb...#

#...JJJ.b....#*
##..bJ.Jbbbb.#*
#....bbbbbbb.#
##.......b...#
* ##..bb.bb..##
***
##..bb.....#
***** ,,****
##........##
***,*,,
,,,*,****
#.##.b....#
**,,,,,,


You could see 7 acid blobs, 4 azure jellies, 3 rockslimes and 4 quicksilver
oozes.

Vanquished Creatures
  the Royal Jelly (Slime:5)
  A dread lich (Vaults:5)
  2 ancient liches (Vaults:5)
  2 juggernauts
  Parghit (Depths:2)
  Saint Roka (Elf:2)
  Josephina (Depths:3)
  5 golden dragons
  5 caustic shrikes
  A Hellbinder (WizLab)
  the Enchantress (Depths:3)
  4 bone dragons
  3 doom hounds
  A Tzitzimitl (Depths:2)
  Jorgrun (D:13)
  A hellephant (WizLab)
  4 tentacled monstrosities
  2 deep elf blademasters (Elf:3)
  Asterion (Elf:2)
  2 deep elf master archers (Elf:3)
  Grunn (Depths:3)
  2 liches
  5 titans
  A quicksilver dragon (Vaults:5)
  14 acid blobs
  4 sphinxes
  4 krakens
  2 storm dragons
  6 tengu reavers
  Donald (Shoals:1)
  6 rockslimes
  Kirke (Spider:1)
  5 shadow dragons
  Ilsuiw (Shoals:3)
  8 azure jellies
  A daeva (Depths:3)
  5 fire giants
  3 emperor scorpions
  2 draconian knights (Depths:4)
  Louise (Shoals:4)
  7 frost giants
  2 iron dragons
  4 deep elf sorcerers
  4 ghost moths
  A draconian shifter (Depths:4)
  A balrug (WizLab)
  A reaper (Depths:2)
  19 vault wardens
  2 orc warlords
  2 deep elf elementalists (Elf:3)
  3 cacodemons (WizLab)
  A juggernaut skeleton (Depths:1)
  8 quicksilver oozes
  A juggernaut zombie (Depths:1)
  5 spriggan defenders (Depths:3)
  6 broodmothers (Spider:4)
  19 very ugly things
  21 ironbound preservers
  15 stone giants
  8 ironbound thunderhulks
  2 formless jellyfish
  2 putrid mouths (Depths:2)
  A vampire knight (Depths:2)
  9 deep elf demonologists
  A lorocyproca (WizLab)
  3 spark wasps
  2 black draconians (Depths:4)
  5 war gargoyles
  6 deep elf death magi
  A red draconian (Depths:4)
  A yellow draconian (Depths:4)
  13 dire elephants
  A purple draconian (Depths:4)
  7 deep elf annihilators (Elf:3)
  A minotaur (Gauntlet)
  2 white draconians
  2 blizzard demons
  8 ettins
  4 fire dragons
  2 crystal guardians (Vaults:3)
  5 merfolk javelineers
  18 merfolk impalers
  A green death (WizLab)
  Harold (D:10)
  15 yaktaur captains
  2 deep elf high priests
  A rakshasa (Depths:1)
  The ghost of croobank the Black Sun, a journeyman FeSu of Kikubaaqudgha (Orc:1)
  9 spriggan air magi
  7 entropy weavers
  7 hydras
  4 ice dragons
  10 great orbs of eyes
  38 vault guards
  5 merfolk avatars
  Erica (D:10)
  15 ironbound frosthearts
  A peacekeeper (Vaults:3)
  5 hell beasts (WizLab)
  A catoblepas (Lair:5)
  A jorogumo (Spider:3)
  12 centaur warriors
  4 boulder beetles
  3 merfolk aquamancers (Shoals:4)
  An alligator snapping turtle (Shoals:3)
  3 radroaches
  32 dancing weapons
  6 satyrs
  21 two-headed ogres
  5 tengu warriors
  2 shock serpents (shapeshifter)
  10 deep troll earth magi
  6 ogre magi
  2 orc high priests
  A vampire mage (Depths:3)
  7 deep troll shamans
  9 spriggan berserkers
  Urug (Lair:2)
  3 thrashing horrors (Lair:5)
  17 deep elf knights
  9 demonic crawlers
  Nergalle (D:12)
  Amaemon (Lair:2)
  2 skysharks (shapeshifter) (Vaults:5)
  2 soul eaters (WizLab)
  13 hell knights
  4 sun demons (WizLab)
  Sonja (Lair:5)
  6 sixfirhies
  6 iron trolls
  4 skeletal warriors
  7 skysharks
  A large abomination (Lair:5)
  5 sea snakes
  8 pharaoh ants
  67 deep trolls
  3 sun moths (Spider:4)
  7 arcanists
  11 orb spiders
  14 deep elf archers
  2 kraken simulacra (Shoals:4)
  A sun moth (shapeshifter) (Depths:2)
  5 glowing orange brains
  A flayed ghost (Depths:2)
  11 lindwurms
  3 necromancers
  4 phantasmal warriors (Vaults:5)
  6 steelbarb worms
  A golden dragon skeleton (Depths:1)
  10 harpies
  20 ironbound convokers
  13 orc knights
  4 orc sorcerers
  An orange crystal statue (IceCv)
  Pikel (D:7)
  A harpy (shapeshifter) (Elf:1)
  43 ugly things
  41 deep elf pyromancers
  17 wolf spiders
  25 deep elf zephyrmancers
  A steelbarb worm (shapeshifter) (Vaults:5)
  A shining eye (shapeshifter) (Vaults:2)
  5 shining eyes (Slime:5)
  20 fauns
  A worldbinder (Gauntlet)
  12 manticores
  Maurice (D:10)
  2 water nymphs
  3 cyclopes
  A salamander (D:15)
  A meliai (shapeshifter) (Lair:5)
  2 moths of wrath
  3 apocalypse crabs (Shoals:1)
  5 black mambas
  4 kobold blastminers
  18 elephants
  4 meliai
  24 vault sentinels
  7 merfolk sirens
  3 rust devils
  2 ice statues (Shoals:3)
  4 torpor snails
  A water nymph (shapeshifter) (Vaults:5)
  2 guardian serpents (shapeshifter)
  8 cane toads
  2 eyes of devastation
  A smoke demon (WizLab)
  5 orange demons
  An unseen horror (D:12)
  2 gargoyles
  An efreet (D:13)
  An unseen horror (shapeshifter) (D:14)
  26 yaktaurs
  A hellion (WizLab)
  Maggie (D:10)
  A rime drake (shapeshifter) (D:14)
  19 rime drakes
  3 freezing wraiths
  A spark wasp simulacrum (Depths:3)
  9 komodo dragons
  A spriggan skeleton (Depths:1)
  3 tengu conjurers
  3 tormentors
  A red devil (WizLab)
  6 trolls
  34 merfolk
  17 polar bears
  2 hellwings (WizLab)
  6 wind drakes
  4 hornets
  20 blink frogs
  A raiju (Lair:5)
  21 tarantellas
  A snapping turtle (shapeshifter) (Vaults:5)
  4 snapping turtles
  8 dream sheep
  19 jumping spiders
  78 slime creatures
  A shadow (D:9)
  A centaur simulacrum (D:15)
  24 culicivoras
  10 water elementals
  5 air elementals
  12 wyverns
  7 spriggans
  A wraith (D:12)
  A ynoxinul (Lair:5)
  A fire bat (shapeshifter) (D:12)
  A human (D:9)
  2 golden eyes (Slime:5)
  7 hogs
  33 yaks
  2 fire elementals (Elf:2)
  A warg (Orc:1)
  33 redbacks
  3 basilisks
  4 chaos spawn (Lair:5)
  An acid dragon (D:13)
  10 vampire mosquitoes
  Edmund (D:6)
  19 water moccasins
  A glowing shapeshifter skeleton (Depths:1)
  An ice beast (shapeshifter) (Lair:5)
  A swamp drake (D:9)
  An ice beast (D:7)
  20 orc warriors
  4 sky beasts
  7 black bears
  29 ogres
  2 laughing skulls (Gauntlet)
  9 small abominations (Lair:5)
  5 boggarts
  13 centaurs
  7 wolves (Lair:4)
  3 lemures (D:7)
  A phantom (D:5)
  A gnoll sergeant (D:13)
  4 scorpions
  9 bullfrogs
  5 earth elementals
  10 wights
  8 killer bees
  An electric eel (Spider:4)
  5 howler monkeys
  A bombardier beetle (D:7)
  4 hounds
  A jelly (D:6)
  3 centaur skeletons (Ossuary)
  13 orc priests
  4 spectral scorpions (Ossuary)
  3 iguanas
  4 hell rats (Lair:4)
  2 sleepcaps
  21 orc wizards
  A crocodile zombie (Ossuary)
  9 mummies (Ossuary)
  5 gnolls (D:13)
  8 adders
  A shadow imp (D:7)
  2 white imps
  2 ufetubi (D:6)
  A dart slug (D:2)
  84 orcs
  5 bats
  8 endoplasms
  2 giant cockroaches (D:1)
  9 goblins
  2 hobgoblins
  6 jackals
  3 quokkas
  3 training dummies (Depths:1)
  11 ball pythons
  5 frilled lizards
  3 gnoll skeletons (Ossuary)
  3 kobolds
  2 kobold skeletons (Ossuary)
  4 rats
  10 spectral rats (Ossuary)
  A spectral weapon (Elf:2)
  A tentacle (Shoals:3)
2003 creatures vanquished.

Vanquished Creatures (collateral kills)
  Aizul (Shoals:1)
  A merfolk javelineer (Shoals:4)
  A merfolk impaler (Shoals:4)
  2 merfolk (Shoals:4)
  A wind drake (Shoals:1)
6 creatures vanquished.

Vanquished Creatures (others)
  A deep elf high priest (Elf:3)
  A juggernaut simulacrum (Depths:3)
  2 deep elf zephyrmancers
  A deep elf pyromancer (Elf:1)
  A tengu simulacrum (Depths:3)
  A slime creature (Slime:1)
  A redback (Spider:2)
  A glowing shapeshifter simulacrum (Depths:3)
  42 spectral weapons
  24 tentacles
75 creatures vanquished.

Grand Total: 2084 creatures vanquished

Notes
Turn   | Place    | Note
-------+----------+-------------------------------------------
     0 | D:1      | Ofeo the Draconian Brigand began the quest for the Orb.
     0 | D:1      | Reached XP level 1. HP: 17/17 MP: 1/1
    85 | D:1      | Reached skill level 1 in Dodging
   147 | D:1      | Found Yrghoh's Distillery.
   206 | D:1      | Reached XP level 2. HP: 25/25 MP: 2/2
   865 | D:2      | Identified the +9 dagger "Xawusac" {venom, +Blink}
   905 | D:2      | Reached skill level 1 in Shapeshifting
  1012 | D:2      | Reached XP level 3. HP: 26/30 MP: 3/3
  1186 | D:2      | Found Xysumn's Distillery.
  1198 | D:2      | Bought 2 potions of curing for 72 gold pieces
  1261 | D:2      | Reached XP level 4. HP: 21/37 MP: 4/4
  2303 | D:3      | Reached XP level 5. HP: 42/42 MP: 5/5
  2675 | D:4      | Noticed a black bear
  2695 | D:3      | Killed a black bear
  2696 | D:3      | Reached skill level 5 in Shapeshifting
  2696 | D:3      | Reached XP level 6. HP: 26/50 MP: 6/6
  3475 | D:2      | Bought 2 potions of might for 96 gold pieces
  3475 | D:2      | Bought a potion of brilliance for 48 gold pieces
  3541 | D:5      | Entered Level 5 of the Dungeon
  3569 | D:5      | Found a staircase to the Ecumenical Temple.
  3591 | Temple   | Entered the Ecumenical Temple
  3630 | Temple   | Became a worshipper of Uskayaw the Reveller
  3697 | D:5      | Reached * piety under Uskayaw
  3765 | D:5      | Reached ** piety under Uskayaw
  4106 | D:5      | Your scales start taking on a lurid green colour.
  4106 | D:5      | Reached XP level 7. HP: 53/56 MP: 7/7
  4106 | D:5      | Gained mutation: Your system is resistant to poisons.
                  | (rPois) [Green Draconian growth]
  4226 | D:5      | You fall into a shaft and drop 1 floor!
  4282 | D:6      | Reached *** piety under Uskayaw
  4347 | D:6      | Noticed Edmund
  4362 | D:6      | Killed Edmund
  4479 | D:6      | Reached skill level 5 in Short Blades
  4479 | D:6      | Reached XP level 8. HP: 61/62 MP: 8/8
  5151 | D:7      | Noticed Pikel
  5162 | D:7      | Reached **** piety under Uskayaw
  5167 | D:7      | Reached ***** piety under Uskayaw
  5168 | D:7      | Killed Pikel
  5211 | D:7      | Found a sand-covered staircase.
  5492 | D:7      | Reached XP level 9. HP: 61/68 MP: 9/9
  5526 | Ossuary  | Entered an ossuary
  6194 | D:7      | Reached skill level 10 in Short Blades
  6275 | D:7      | Reached skill level 1 in Invocations
  6289 | D:7      | Identified the +2 robe "Etuoc" {rF+}
  6691 | D:7      | Reached skill level 3 in Fighting
  6970 | D:7      | Noticed a two-headed ogre
  7459 | D:8      | Reached skill level 4 in Fighting
  7693 | D:9      | Reached XP level 10. HP: 78/78 MP: 13/13
  7946 | D:9      | Reached skill level 5 in Stealth
  7946 | D:9      | Reached skill level 5 in Invocations
  8236 | D:9      | Found a stormy altar of Qazlal.
  8453 | D:9      | Found a staircase to the Lair.
  8457 | D:9      | Reached skill level 5 in Fighting
  9325 | D:10     | Entered Level 10 of the Dungeon
  9342 | D:10     | Noticed Maggie
  9351 | D:10     | Killed Maggie
  9356 | D:10     | Reached skill level 6 in Fighting
  9361 | D:10     | Got Vobun's Collected Works on the Posthumous Mountains
  9363 | D:10     | Noticed an orange crystal statue
  9363 | D:10     | Noticed Harold
  9501 | D:10     | Found Vozec's Assorted Antiques.
  9509 | D:10     | Bought a scroll of noise for 33 gold pieces
  9509 | D:10     | Bought a scroll labelled MONOMP JIRE for 33 gold pieces
  9509 | D:10     | Bought a scroll labelled GOVALO HOGAHAI for 33 gold pieces
  9540 | D:10     | Identified the +8 short sword of Viofemide {heavy, rElec
                  | Int+3}
  9567 | D:10     | Killed Harold
  9568 | D:10     | Reached XP level 11. HP: 89/89 MP: 15/17
 10009 | D:10     | Noticed Erica
 10019 | D:10     | Killed Erica
 10020 | D:10     | Reached skill level 5 in Dodging
 10379 | D:10     | Noticed Maurice
 10389 | D:10     | Killed Maurice
 10470 | D:10     | Noticed Erolcha
 10545 | Lair:1   | Entered Level 1 of the Lair of Beasts
 10900 | Lair:1   | Reached skill level 7 in Fighting
 11138 | Lair:1   | Noticed a boulder beetle
 11594 | Lair:1   | Killed a boulder beetle
 11595 | Lair:1   | Reached skill level 10 in Invocations
 11729 | Lair:1   | Identified the +2 morningstar of Symmetry {heavy, +Blink
                  | Dex+3}
 12202 | Lair:2   | Noticed Amaemon
 12277 | Lair:2   | Killed Amaemon
 12278 | Lair:2   | Reached skill level 8 in Fighting
 12281 | Lair:2   | Reached XP level 12. HP: 67/101 MP: 19/19
 12990 | Lair:2   | Noticed Urug
 13012 | Lair:2   | Killed Urug
 13013 | Lair:2   | Reached skill level 9 in Fighting
 13810 | Lair:3   | Found a hole to the Spider Nest.
 13867 | Lair:3   | HP: 2/96 [pharaoh ant (28)]
 15073 | Lair:4   | Noticed a six-headed hydra
 15085 | Lair:4   | Noticed a boulder beetle
 15106 | Lair:4   | Killed a six-headed hydra
 15108 | Lair:4   | Killed a boulder beetle
 15487 | Lair:4   | Reached XP level 13. HP: 105/113 MP: 20/20
 16007 | Lair:5   | Entered Level 5 of the Lair of Beasts
 16028 | Lair:5   | Reached skill level 10 in Shapeshifting
 16032 | Lair:5   | Reached skill level 10 in Fighting
 16053 | Lair:5   | Reached ****** piety under Uskayaw
 16617 | Lair:5   | Reached skill level 11 in Fighting
 16629 | Lair:5   | Found a viscous altar of Jiyva.
 16629 | Lair:5   | Found a staircase to the Slime Pits.
 17630 | Lair:5   | Reached skill level 12 in Fighting
 17635 | Lair:5   | Reached skill level 10 in Dodging
 17650 | Lair:5   | Noticed Sonja
 17661 | Lair:5   | Killed Sonja
 17937 | Lair:5   | Gained mutation: Your tail ends in a venomous barb. [Green
                  | Draconian growth]
 17937 | Lair:5   | Reached XP level 14. HP: 115/127 MP: 21/21
 17976 | Lair:5   | Found a corrupted altar of Lugonu.
 17976 | Lair:5   | Found a one-way gate to the infinite horrors of the Abyss.
 18571 | D:11     | Found a staircase to the Orcish Mines.
 19157 | D:11     | Found a white marble altar of Elyvilon.
 19360 | D:12     | Noticed Nergalle
 19409 | D:12     | Killed Nergalle
 19410 | D:12     | Reached skill level 13 in Fighting
 23003 | D:13     | Noticed Jorgrun
 23235 | D:13     | Killed Jorgrun
 23556 | D:13     | Found a gate to the Vaults.
 24236 | D:14     | Found a snail-covered altar of Cheibriados.
 24309 | D:14     | Reached skill level 14 in Fighting
 24841 | D:14     | Identified the +1 ring mail of Insurance {Str+3 Int+3
                  | Dex-5}
 24847 | D:14     | Found Qeihefum's Antique Armour Boutique.
 25040 | D:15     | Entered Level 15 of the Dungeon
 25075 | D:15     | Found Eluohavu's Tiny Tomes.
 25446 | D:15     | Found a gate leading to a gauntlet.
 25453 | Gauntlet | Entered a Gauntlet
 25453 | Gauntlet | Found a transporter.
 25456 | Gauntlet | Found a transporter.
 25460 | Gauntlet | Found a transporter.
 25465 | Gauntlet | Found a transporter.
 25499 | Gauntlet | Found a runed translucent door.
 25502 | Gauntlet | Found a transporter.
 25503 | Gauntlet | Found a transporter.
 25504 | Gauntlet | Found a transporter.
 25565 | Gauntlet | Found a transporter.
 25568 | Gauntlet | Found a transporter.
 25576 | Gauntlet | Found a transporter.
 25580 | Gauntlet | Found a transporter.
 25588 | Gauntlet | Found a transporter.
 25609 | Gauntlet | Found a transporter.
 25621 | Gauntlet | Found a transporter.
 25937 | Gauntlet | Reached XP level 15. HP: 132/139 MP: 24/24
 25944 | Gauntlet | Identified the amulet "Ezxidgh" {Acrobat rF+}
 26193 | D:15     | Found a staircase to the Depths.
 26863 | D:15     | Found an iron altar of Okawaru.
 27289 | Orc:1    | Entered Level 1 of the Orcish Mines
 27814 | Orc:1    | Found a transporter.
 27819 | Orc:1    | Noticed croobank's ghost (journeyman FeSu)
 28007 | Orc:1    | Found a transporter.
 28216 | Orc:1    | Killed croobank's ghost
 28266 | Orc:2    | Entered Level 2 of the Orcish Mines
 28267 | Orc:2    | Upgraded the game from 0.31-a0-1603-gbec6b6ccbf to
                  | 0.31-a0-1611-g890cdf5628
 28423 | Orc:2    | Found Fymigy's Weapon Emporium.
 28423 | Orc:2    | Found Atitoicle's Weapon Shop.
 28423 | Orc:2    | Found Lefit Uxilox's Magic Scroll Shop.
 28423 | Orc:2    | Found Buse's Jewellery Shoppe.
 28433 | Orc:2    | Reached skill level 15 in Fighting
 28458 | Orc:2    | Bought a scroll of blinking for 120 gold pieces
 28458 | Orc:2    | Bought a scroll of acquirement for 832 gold pieces
 28458 | Orc:2    | Bought a scroll of blinking for 120 gold pieces
 28458 | Orc:2    | Acquired 521 gold pieces
 28467 | Orc:2    | Bought a +6 ring of dexterity for 432 gold pieces
 28486 | Orc:2    | Found a staircase to the Elven Halls.
 28939 | D:11     | Upgraded the game from 0.31-a0-1611-g890cdf5628 to
                  | 0.31-a0-1612-g4aaf141004
 29539 | Lair:3   | Found a staircase to the Shoals.
 29683 | Spider:1 | Entered Level 1 of the Spider Nest
 29710 | Spider:1 | Reached skill level 1 in Evocations
 30007 | Spider:1 | Noticed Kirke
 30036 | Spider:1 | Killed Kirke
 30762 | Spider:1 | Reached XP level 16. HP: 67/151 MP: 26/26
 31414 | Spider:1 | Reached skill level 16 in Fighting
 32434 | Spider:2 | Found a transporter.
 32434 | Spider:2 | Found a transporter.
 32528 | Spider:2 | Reached skill level 5 in Evocations
 34362 | Spider:3 | Identified the +6 war axe of Dismay {freeze, rF+ rN+ Str-4}
 34756 | Spider:4 | Entered Level 4 of the Spider Nest
 35151 | Spider:4 | Reached skill level 15 in Invocations
 35922 | Spider:4 | Reached skill level 17 in Fighting
 36116 | Spider:4 | Reached XP level 17. HP: 161/161 MP: 28/28
 36251 | Spider:4 | Got a gossamer rune of Zot
 37102 | Shoals:1 | Entered Level 1 of the Shoals
 37412 | Shoals:1 | Noticed a kraken
 37430 | Shoals:1 | Noticed a tentacled monstrosity
 37446 | Shoals:1 | Killed a tentacled monstrosity
 37459 | Shoals:1 | Got Kerop's Tome of Mad Ravings
 37461 | Shoals:1 | Identified the ring of Vovil {rF+ Str+3 Int+4 SInv}
 37739 | Shoals:1 | Identified the serpent talisman "Wuoly Peangy" {Will-
                  | Dex+6}
 37739 | Shoals:1 | Noticed Aizul
 37827 | Shoals:1 | Killed Aizul
 38114 | Shoals:1 | Noticed Donald
 38151 | Shoals:1 | Killed Donald
 38455 | Shoals:1 | Upgraded the game from 0.31-a0-1612-g4aaf141004 to
                  | 0.31-a0-1616-gbeaec30b81
 38626 | Shoals:1 | Noticed a kraken
 38694 | Shoals:1 | Killed a kraken
 38901 | Shoals:1 | Killed a kraken
 39881 | Shoals:2 | Reached skill level 15 in Dodging
 40607 | Shoals:3 | Found a glacial archway.
 40617 | IceCv    | Entered an ice cave
 40867 | IceCv    | Reached skill level 10 in Stealth
 41401 | IceCv    | Noticed a shard shrike
 42087 | IceCv    | Reached skill level 1 in Shields
 42790 | Shoals:3 | Reached XP level 18. HP: 157/164 MP: 30/30
 42946 | Shoals:3 | Reached skill level 5 in Shields
 43001 | Shoals:3 | Noticed Ilsuiw
 43013 | Shoals:3 | Killed Ilsuiw
 43185 | Shoals:3 | Found a blossoming altar of Fedhas.
 44502 | Shoals:4 | Entered Level 4 of the Shoals
 44642 | Shoals:4 | Found Jucey's Antique Weapon Shop.
 45170 | Shoals:4 | Got Unwearipsu's Parchment of the Snowflakes and the Quarry
 45920 | Shoals:4 | Reached skill level 10 in Shields
 46168 | Shoals:4 | Identified the +8 flail of Flawed Execution {freeze, Dex+3}
 46295 | Shoals:4 | Noticed Louise
 46296 | Shoals:4 | Noticed Mara
 46368 | Shoals:4 | Killed Louise
 46697 | Shoals:4 | Got a barnacled rune of Zot
 46699 | Shoals:4 | Got an azure gem with 0 turns to spare
 46997 | Vaults:1 | Entered Level 1 of the Vaults
 48067 | Vaults:1 | Reached XP level 19. HP: 179/179 MP: 31/31
 49460 | Vaults:2 | Found a magical portal.
 49483 | WizLab   | Entered The Hall of the Hellbinder
 49497 | WizLab   | Gained mutation: You are dopey. (Int -2) [a cacodemon]
 49525 | WizLab   | Gained mutation: Potions are less effective at restoring
                  | your health. [a cacodemon]
 49790 | WizLab   | Reached skill level 15 in Shields
 49826 | WizLab   | Noticed a hellephant
 49896 | WizLab   | Killed a hellephant
 50459 | WizLab   | Identified the amulet of Eweuma Kuor {RegenMP rPois rN+
                  | Str+3}
 50459 | WizLab   | Noticed Balu
 50462 | WizLab   | Found a burning altar of Makhleb.
 50475 | WizLab   | Killed Balu the Hellbinder
 50493 | WizLab   | Identified a ring "Umeqiru" {rElec rPois rF- rCorr Dex+2}
 50496 | WizLab   | Got Jasum's Exposition on Creation
 50762 | WizLab   | Identified the ring of Gyehoatz {rElec AC+4 Str-3 Int-3
                  | Dex+4}
 50865 | Vaults:2 | Upgraded the game from 0.31-a0-1616-gbeaec30b81 to
                  | 0.31-a0-1626-g5cb510d322
 52656 | Vaults:3 | Found a staircase to the Crypt.
 52656 | Vaults:3 | Found a basalt altar of Yredelemnul.
 52656 | Vaults:3 | Found an ancient bone altar of Kikubaaqudgha.
 52952 | Vaults:3 | Reached XP level 20. HP: 80/187 MP: 32/32
 53599 | Vaults:3 | Reached skill level 18 in Fighting
 54536 | Vaults:4 | Noticed Mennas
 54896 | Vaults:4 | Got Ruumehit's Directory of the Supportive Voyage
 55677 | Vaults:4 | Reached skill level 19 in Fighting
 56113 | Elf:1    | Entered Level 1 of the Elven Halls
 57317 | Elf:1    | Reached XP level 21. HP: 199/199 MP: 33/33
 58071 | Elf:2    | Found a runed translucent gate.
 58072 | Elf:2    | Found a runed translucent gate.
 58072 | Elf:2    | Found a runed translucent gate.
 58937 | Elf:2    | Found Ytua's Jewellery Shoppe.
 59800 | Elf:2    | Noticed Asterion
 59801 | Elf:2    | Noticed Saint Roka
 59954 | Elf:2    | Gained mutation: You are frail. (-10% HP) [a cacodemon]
 59958 | Elf:2    | Killed Asterion
 60299 | Elf:2    | Reached skill level 20 in Fighting
 60308 | Elf:2    | Killed Saint Roka
 61038 | Depths:1 | Entered Level 1 of the Depths
 61108 | Depths:1 | Found Erefoaci's Firing Range.
 61903 | Depths:1 | Found a gateway to Hell.
 62094 | Depths:1 | Found Sutawijo's Jewellery Emporium.
 62094 | Depths:1 | Found Xifet's Book Shop.
 62095 | Depths:1 | Found Dustry's Jewellery Emporium.
 62481 | Depths:2 | Noticed a caustic shrike
 62915 | Depths:2 | Noticed a juggernaut
 62928 | Depths:2 | Killed a juggernaut
 62988 | Depths:2 | Identified the ring of Qunt {rElec rPois Will+ Dex+2
                  | Slay-3}
 63033 | Depths:2 | Killed a caustic shrike
 63266 | Depths:2 | Reached XP level 22. HP: 188/188 MP: 34/34
 63302 | Depths:2 | Found a one-way gate leading to the halls of Pandemonium.
 63675 | Depths:3 | Noticed the Enchantress
 63680 | Depths:3 | Noticed Parghit
 63692 | Depths:3 | Killed the Enchantress
 63692 | Depths:3 | Noticed Grunn
 63712 | Depths:2 | Killed Parghit
 65115 | Depths:3 | Killed Grunn
 65217 | Depths:3 | Found a one-way gateway to a ziggurat.
 65386 | Depths:3 | Identified the ring "Dawom" {Ice Str+4}
 65386 | Depths:3 | Noticed Josephina
 66326 | Depths:3 | Noticed a golden dragon
 66333 | Depths:3 | Killed a golden dragon
 66502 | Depths:3 | Found a broken altar of Ashenzari.
 66592 | Depths:3 | Killed Josephina
 67110 | Depths:4 | Entered Level 4 of the Depths
 67125 | Depths:3 | Reached skill level 15 in Stealth
 67433 | Depths:4 | Noticed a juggernaut
 67449 | Depths:4 | Killed a juggernaut
 67786 | Depths:4 | Reached skill level 15 in Short Blades
 67992 | Depths:4 | Lost mutation: You are frail. (-10% HP) [potion of
                  | mutation]
 67992 | Depths:4 | Lost mutation: You are dopey. (Int -2) [potion of mutation]
 67992 | Depths:4 | Gained mutation: You have large cloven feet. [potion of
                  | mutation]
 67992 | Depths:4 | Gained mutation: You are robust. (+10% HP) [potion of
                  | mutation]
 67992 | Depths:4 | Gained mutation: You possess an exceptional clarity of
                  | mind. [potion of mutation]
 67992 | Depths:4 | Gained mutation: You have a somewhat thin skeletal
                  | structure. (Dex +2, Stealth+) [potion of mutation]
 68079 | Depths:4 | Found a shadowy altar of Dithmenos.
 68199 | Depths:4 | Noticed a golden dragon
 68242 | Depths:4 | Killed a golden dragon
 68432 | Depths:4 | Found a gate to the Realm of Zot.
 68460 | Depths:4 | Identified the maw talisman of Bataoqik {Int+4}
 68468 | Depths:4 | Noticed a caustic shrike
 68538 | Depths:4 | Reached XP level 23. HP: 237/237 MP: 35/35
 68680 | Depths:4 | Noticed a caustic shrike
 68683 | Depths:4 | Noticed a caustic shrike
 68779 | Depths:4 | Noticed a caustic shrike
 68794 | Depths:3 | Killed a caustic shrike
 68838 | Depths:4 | Killed a caustic shrike
 68880 | Depths:4 | Killed a caustic shrike
 68992 | Depths:4 | Killed a caustic shrike
 69269 | Elf:3    | Entered Level 3 of the Elven Halls
 69344 | Elf:3    | Found Paypu's Weapon Shoppe.
 69496 | Elf:3    | Got Sif Muna's Opusculum on Allied Injury
 69725 | Elf:3    | Identified the +8 war axe "Pogh" {venom, Str+3}
 69777 | Elf:3    | Identified the ring of Unwax {rC+ Int+3 Stlth+}
 69801 | Elf:3    | Identified the amulet "Welaorowa" {RegenMP Will+}
 69801 | Elf:3    | Identified the +14 chain mail of Kipp {Slay+3}
 69801 | Elf:3    | Identified the amulet of Eceuruce {Acrobat rPois rF- rC++
                  | rCorr}
 69817 | Elf:3    | Identified the ring of Wydirim {rPois Str+4 Int+3}
 69831 | Elf:3    | Identified the +1 leather armour "Vyekhaba" {^Drain rF+
                  | rCorr Int+4}
 70135 | Elf:3    | Identified the staff of Drought {rC+ Will+ Conj Ice}
 70639 | Elf:3    | Found a runed translucent door.
 70640 | Elf:3    | Noticed Zoguozuq's ghost (journeyman GnWn)
 71223 | Vaults:5 | Entered Level 5 of the Vaults
 71241 | Vaults:5 | Reached skill level 15 in Shapeshifting
 71312 | Vaults:5 | Noticed an ancient lich
 71338 | Vaults:5 | Noticed a dread lich
 71352 | Vaults:5 | Killed an ancient lich
 71355 | Vaults:5 | Noticed an ancient lich
 71365 | Vaults:5 | Killed a dread lich
 71371 | Vaults:5 | Killed an ancient lich
 71372 | Vaults:5 | Reached XP level 24. HP: 246/246 MP: 35/35
 71404 | Vaults:5 | Identified the +1 trident of Distant Worlds {vamp, Will+}
 71643 | Vaults:5 | Identified the +8 shortbow "Ilutoap" {flame, rCorr MP+9
                  | Int-2 Dex+4}
 71679 | Vaults:5 | Identified the +4 scimitar of Buirhum {flame, rElec Str+2}
 71699 | Vaults:5 | Got the Volume of the Destined Tesseract
 72074 | Vaults:5 | Got a silver rune of Zot
 72633 | Vaults:5 | Got the Atlas of the Fifth Circle
 73436 | Slime:1  | Entered Level 1 of the Pits of Slime
 73950 | Slime:5  | Entered Level 5 of the Pits of Slime
 74754 | Slime:5  | Gained mutation: You are weak. (Str -2) [a shining eye]
 74763 | Slime:5  | Noticed the Royal Jelly
 74771 | Slime:5  | Killed the Royal Jelly
 74777 | Slime:5  | Slain by a rockslime

Illustrated notes

Levels and vault maps discovered:
D:1:      scummos_arrival_gate, layout_loops_ring, serial_shops,
          nicolae_shop_window_shopping
D:2:      layout_basic, serial_shops, nicolae_shop_stone
D:3:      layout_basic, grunt_decor_fettered
D:4:      layout_cave_pools
D:5:      layout_gridville, minmay_temple_entry_offerings
D:6:      layout_cave_pools, grunt_ministairs_3, uniq_edmund
D:7:      layout_loops_corners, mainiacjoe_ossuary_entry_dusty_tomb,
          minmay_increasing_density, uniq_pikel
D:8:      layout_rooms
D:9:      layout_long_grid, grunt_qazlal_sundering, erik_lair_dragon,
          grunt_livestock
D:10:     layout_basic, mainiacjoe_overflow_brackets, serial_shops,
          nicolae_stop_n_shop_1, disabler_island, uniq_harold, uniq_erolcha,
          uniq_maurice, uniq_erica, uniq_maggie
D:11:     layout_long_grid, hiddenorc2_lemuel, nicolae_elyvilon_temple_path
D:12:     layout_basic, serial_corexii_hall, chequers_hall_statues_wall_a,
          chequers_hall_statues_wall_a, uniq_nergalle
D:13:     layout_loops_cross, david_vaults_5,
          eino_small_chamber_without_monster, uniq_jorgrun
D:14:     layout_gridville, serial_shops, nicolae_shop_statue_plus,
          chequers_serial_rivers_room_b, cheibriados_altar_1
D:15:     hangedman_depths_entry_try_elsewhere_first, layout_grid_maze,
          serial_bayou_lagoon_a, gauntlet_entry_generic,
          nicolae_shop_i_like_small_books_too, okawaru_gym_becter
Temple:   mainiacjoe_temple_big_plus
Lair:1:   layout_chaotic_city
Lair:2:   layout_roguey, lemuel_fruit_tree, uniq_urug, uniq_amaemon
Lair:3:   layout_gridlike, elwin_shoals_entry_rooms,
          nicolae_spider_entry_lesser_pyramids
Lair:4:   layout_loops_ring, kilobyte_rumbling_trees
Lair:5:   hellmonk_lair_end_abyssal_woods, layout_loops_ring, slime_entry_1,
          uniq_sonja
Shoals:1: dreamdust_from_the_deep, layout_shoals, overgrown_statue, uniq_aizul,
          uniq_donald
Shoals:2: layout_shoals
Shoals:3: layout_shoals, portal_ice_cave_entry_ice_statue_two,
          wheals_shoals_ruined_temple, uniq_ilsuiw
Shoals:4: shoals_end_grunt_ice, layout_shoals, shoals_ilsuiw_alternative,
          serial_shops, nicolae_diamond_shop, uniq_louise, uniq_mara
Spider:1: layout_spider_delve, hangedman_spider_tarantella_strand, uniq_kirke
Spider:2: gammafunk_boulding_lane
Spider:3: layout_chambers
Spider:4: hellmonk_spider_rune_endless_swarm
Slime:1:  layout_caves
Slime:2:  layout_caves, nicolae_slime_phagocytosis
Slime:3:  layout_caves
Slime:4:  layout_caves, nicolae_slime_crime_time
Slime:5:  slime_pit_nicolae_royal_road_to_ruin
Orc:1:    layout_caves, gammafunk_ghost_arena
Orc:2:    st_orc_ogre_mass, layout_caves
Elf:1:    elf_arrival_001, layout_onion_city, evilmike_minifort
Elf:2:    nicolae_elf_blades_crystal_corner, layout_geoelf_grid, serial_shops,
          nicolae_shop_real_fake_doors, serial_sigils_hangedman_shear,
          minivault_24, amcnicky_mini_corridor_feature, uniq_asterion,
          uniq_saint_roka
Elf:3:    grunt_elf_hall_spiral, layout_geoelf_diagonals, serial_shops,
          nicolae_shop_bloodbath_and_beyond, gammafunk_ghost_grave,
          minmay_elf_sorcery
Vaults:1: v_alt_pattern_6, nicolae_vaults_trapezoid_lopsided_2,
          nicolae_vaults_hallways_thing, nicolae_vaults_puzzle_piece,
          nicolae_vaults_double_plus_2, v_misc_8, v_rooms_4,
          nicolae_vaults_mini_display_case, nicolae_vaults_closet_pinwheel_1,
          nicolae_vaults_network_square, nicolae_vaults_octothorpe,
          nicolae_vaults_ring_of_whatevers, nicolae_vaults_security_offices_4,
          v_misc_24, layout_vaults_omnibox
Vaults:2: lightli_enter_wizlab_magi_temple, nicolae_vaults_sesquioval_fish,
          vaults_room_glass_cross, nicolae_vaults_wine_cellar,
          layout_vaults_omnigrid, uniq_margery
Vaults:3: v_misc_4, nicolae_vaults_cornered_office,
          nicolae_vaults_closet_pinwheel_2, vaults_dpeg_hooks, nooodl_orcs_dogs,
          nicolae_vaults_bisected_slash, minmay_crypt_entry_necro_gods,
          ontoclasm_vaults_claustrophobia, ontoclasm_vaults_bender, v_misc_26,
          vaults_dpeg_spiral, vaults_dpeg_emergency_exit, v_rooms_4,
          nicolae_vaults_hexular_roomagon, v_rooms_2, layout_vaults_maze
Vaults:4: nicolae_vaults_prndl, nicolae_vaults_storage_closets_3,
          vaults_mumra_minichess, grunt_vaults_swirl,
          hangedman_vaults_variations, v_misc_26, vaults_room_boxed, st_cross,
          nicolae_vaults_shelves_hall, grunt_vaults_focal, serial_ice_m,
          layout_vaults_big_cross, uniq_mennas
Vaults:5: serial_shops
Depths:1: layout_big_octagon, hell_entry, minmay_misc_feat_tiny,
          nicolae_shop_firing_range, minmay_shop_grove, nicolae_triple_integral
Depths:2: minmay_cut_squares, layout_cave_pools, hangedman_decor_opposing,
          abyss_entry, rand_demon_pan_entry_8, grunt_hell_entry_dis_mu
Depths:3: kennysheep_blocky_hall, layout_long_grid, enter_ziggurat_c,
          grunt_metal_band, abyss_entry, ashenzari_conservatory_becter,
          infiniplex_staircase_pool_2, uniq_josephina, uniq_grunn,
          uniq_enchantress, uniq_parghit
Depths:4: grunt_zot_entry_funnels, layout_small_grid,
          nicolae_dithmenos_the_darkroom, hell_entry

Skill      XL: |  1  2  3  4  5  6  7  8  9 10 11 12 13 14 15 16 17 18 19 20 21 22 23 24 |
---------------+-------------------------------------------------------------------------+-----
Dodging        | 1 3 4 6 8 10 12 13 14 15 16 17 | 17.4
Throwing       | 2 |  2.0
Shapeshifting  | 1 2 3 5 6 7 9 10 11 14 16 17 | 17.8
Short Blades   | 5 8 10 12 14 15 16 17 | 17.4
Invocations    | 4 8 10 12 13 15 16 | 16.2
Stealth        | 4 6 8 9 10 12 14 15 16 17 | 17.5
Fighting       | 4 6 8 9 12 14 15 17 19 20 | 20.2
Evocations     | 3 6 8 |  8.8
Shields        | 3 13 17 18 | 18.0

Action                     |  1- 3 |  4- 6 |  7- 9 | 10-12 | 13-15 | 16-18 | 19-21 | 22-24 || total
---------------------------+-------+-------+-------+-------+-------+-------+-------+-------++-------
  Melee: Dagger            |   104 |   127 |   237 |   439 |   851 |  1574 |   661 |       ||  3993
         Tailslap          |    10 |    10 |    35 |    71 |   250 |   455 |   493 |   489 ||  1813
         Punch             |     1 |       |     3 |    11 |    19 |    19 |       |       ||    53
         Maw               |       |       |       |     3 |   457 |   772 |   931 |   805 ||  2968
         Short sword       |       |       |       |       |   321 |   190 |   812 |       ||  1323
         Quick blade       |       |       |       |       |       |       |   508 |  1408 ||  1916
         Cutlass           |       |       |       |       |       |       |       |   241 ||   241
  Throw: Dart              |     6 |     1 |     5 |    16 |     3 |       |     1 |       ||    32
 Invoke: Stomp             |       |       |       |       |     1 |    12 |    11 |       ||    24
         Line Pass         |       |       |       |       |       |     1 |     2 |     1 ||     4
         Grand Finale      |       |       |       |       |       |       |     1 |     3 ||     4
Ability: Breathe Noxious F |       |       |    14 |    32 |    48 |    51 |     5 |     2 ||   152
         Evoke Blink       |       |       |       |     1 |     2 |     2 |       |       ||     5
         Evoke Invisibilit |       |       |       |       |       |     3 |     1 |       ||     4
  Evoke: Wand              |       |       |       |     2 |     9 |    12 |     8 |     9 ||    40
         Condenser vane    |       |       |       |       |     2 |     2 |       |     3 ||     7
         Lightning rod     |       |       |       |       |       |     4 |       |     4 ||     8
         Phantom mirror    |       |       |       |       |       |     1 |       |       ||     1
         Sack of spiders   |       |       |       |       |       |     1 |       |     1 ||     2
         Phial of floods   |       |       |       |       |       |       |       |     1 ||     1
    Use: Scroll            |     6 |     7 |     6 |     7 |     9 |     7 |     9 |     6 ||    57
         Potion            |     1 |     1 |       |       |     4 |     7 |     7 |    14 ||    34
   Stab: Sleeping          |     7 |     3 |     7 |     7 |    25 |    46 |    45 |    28 ||   168
         Confused          |       |       |     7 |    27 |    39 |    36 |     7 |     2 ||   118
         Paralysed         |       |       |    10 |    30 |    82 |   111 |   147 |    87 ||   467
         Invisible         |       |       |       |     1 |       |    11 |     8 |     3 ||    23
         Distracted        |       |       |       |       |     4 |     5 |    21 |    53 ||    83
         Held in net/web   |       |       |       |       |       |     1 |       |       ||     1
 Armour: Skin              |    66 |    81 |    88 |   169 |   458 |   611 |   442 |   241 ||  2156
  Dodge: Dodged            |    56 |    76 |   109 |   175 |   723 |  1301 |   797 |   386 ||  3623
  Block: Other             |       |       |    11 |    45 |   113 |       |       |       ||   169
         Reflection        |       |       |     1 |     3 |     3 |       |       |       ||     7
         Kite shield       |       |       |       |       |       |   148 |  1304 |   664 ||  2116
         Buckler           |       |       |       |       |       |   145 |       |       ||   145
   Form: Beast             |       |       |     1 |       |       |       |       |       ||     1
         Maw               |       |       |       |     1 |       |       |       |     1 ||     2

Table legend: (Time is in decaauts)
 A = Elapsed time spent in this place.
 B = Non-inter-level travel time spent in this place.
 C = Inter-level travel time spent in this place.
 D = Time resting spent in this place.
 E = Time spent auto-exploring this place.
 F = Levels seen in this place.
 G = Mean time per level.
                   A        B        C        D        E       F      G
               +--------+--------+--------+--------+--------+-----+--------+
         Total |  72176 |  67463 |   4713 |  12517 |  39065 |  52 | 1388.0 |
       Dungeon |  19270 |  17018 |   2252 |   1970 |  11873 |  15 | 1284.7 |
        Temple |     77 |      1 |     76 |      0 |      0 |   1 |   77.0 |
          Lair |   8391 |   7777 |    614 |    846 |   5349 |   5 | 1678.2 |
        Shoals |   7408 |   7153 |    255 |   1870 |   2985 |   4 | 1852.0 |
   Spider Nest |   7045 |   6701 |    344 |    847 |   4245 |   4 | 1761.2 |
    Slime Pits |   1249 |   1249 |      0 |    588 |    149 |   5 |  249.8 |
  Orcish Mines |   1701 |   1475 |    226 |     19 |   1199 |   2 |  850.5 |
   Elven Halls |   6362 |   6150 |    212 |   1442 |   3108 |   3 | 2120.7 |
        Vaults |   8623 |   8106 |    517 |    648 |   5626 |   5 | 1724.6 |
        Depths |   7746 |   7534 |    212 |   2564 |   3551 |   4 | 1936.5 |
       Ossuary |    485 |    485 |      0 |     32 |    257 |   1 |  485.0 |
      Ice Cave |   1949 |   1949 |      0 |    929 |    454 |   1 | 1949.0 |
        Wizlab |   1289 |   1289 |      0 |    638 |     85 |   1 | 1289.0 |
      Gauntlet |    576 |    576 |      0 |    120 |    182 |   1 |  576.0 |
               +--------+--------+--------+--------+--------+-----+--------+

Top non-repeatable levels by time:
   Elf:2: 2777 daAuts
Depths:2: 2654 daAuts
    D:12: 2586 daAuts
     D:9: 2365 daAuts
Shoals:1: 2270 daAuts
Shoals:3: 2210 daAuts
Spider:4: 2152 daAuts
  Lair:2: 2139 daAuts
  Lair:5: 2073 daAuts
Depths:3: 2031 daAuts
   Elf:1: 1995 daAuts
   IceCv: 1949 daAuts
Vaults:3: 1916 daAuts
    D:13: 1898 daAuts
Spider:3: 1770 daAuts
